 Dungeon Crawl Stone Soup version 0.22.1-2-g9c5b331 (webtiles) character file.

1039 MalarOregon the Chiller (level 8, -1/56 HPs)
             Began as a Merfolk Ice Elementalist on Nov 15, 2018.
             Was a Follower of Nemelex Xobeh.
             Shot with an arrow by a centaur (3 damage)
             ... on level 5 of the Dungeon.
             The game lasted 00:22:16 (7208 turns).

MalarOregon the Chiller (Merfolk Ice Elementalist)  Turns: 7208, Time: 00:22:17

Health: -1/56      AC:  3    Str: 10 (13) XL:     8   Next: 24%
Magic:  3/15       EV: 19    Int: 15 (16) God:    Nemelex Xobeh [*.....]
Gold:   347        SH:  0    Dex: 19 (20) Spells: 6/17 levels left

rFire    . . .     SeeInvis .   B - +0 trident
rCold    . . .     Gourm    .   (no shield)
rNeg     . . .     Faith    .   a - +1 robe
rPois    .         Spirit   .   (no helmet)
rElec    .         Reflect  .   (no cloak)
rCorr    .         Harm     .   (no gloves)
MR       .....                  (no boots)
Stlth    ++++......             (no amulet)
HPRegen  0.18/turn              (no ring)
MPRegen  0.14/turn              (no ring)

@: mighty, agile, flying, hasted, very quick
A: change form in water, swift swim, stealthy swim
a: Renounce Religion


You were on level 5 of the Dungeon.
You worshipped Nemelex Xobeh.
Nemelex Xobeh was aware of your devotion.
You were not hungry.

You visited 2 branches of the dungeon, and saw 6 of its levels.
You also visited: Sewer.

You collected 347 gold pieces.

Inventory:

Hand Weapons
 B - a +0 trident (weapon)
   (You took it off an orc on level 4 of the Dungeon)
Missiles
 k - 2 throwing nets (quivered) {!f}
 w - 22 poisoned needles
Armour
 a - a +1 robe (worn)
 x - a +0 buckler
   (You found it on level 4 of the Dungeon)
Wands
 c - a wand of disintegration (18)
   (You found it on level 5 of the Dungeon)
Scrolls
 b - a scroll of blinking {unknown}
 d - 3 scrolls of fog
 g - a scroll of enchant weapon {unknown}
 i - a scroll of enchant armour
 j - a scroll of immolation {!r}
 l - a scroll of amnesia
 m - 2 scrolls of identify {@r1}
 n - a scroll of random uselessness
 r - 3 scrolls of remove curse {@r2}
 u - a scroll of noise {unknown}
 v - 4 scrolls of teleportation {@r4}
 y - a scroll of fear {unknown}
Potions
 f - 2 potions of curing {@q1}
 h - 3 potions of degeneration {!q}
 o - 2 potions of haste {@q3}
 p - a potion of brilliance {unknown}
 z - 2 potions of magic
 A - 3 potions of flight
Miscellaneous
 q - a plain deck of destruction
   (Nemelex Xobeh gifted it to you on level 5 of the Dungeon)
 t - a plain deck of destruction {drawn: 10}
   (Nemelex Xobeh gifted it to you on level 4 of the Dungeon)
Comestibles
 e - 14 rations {!d}
 C - 7 chunks of flesh


   Skills:
 + Level 2.1 Fighting
 + Level 2.9 Polearms
 - Level 3.0 Dodging
 + Level 3.0 Stealth
 + Level 0.3 Shields
 * Level 5.0 Spellcasting
 * Level 3.7 Conjurations
 * Level 5.8 Ice Magic
 + Level 2.1 Invocations


You had 6 spell levels left.
You knew the following spells:

 Your Spells              Type           Power        Failure   Level  Hunger
a - Freeze                Ice            ###.         1%          1    None
c - Throw Icicle          Conj/Ice       ###.....     22%         4    ####...
d - Summon Ice Beast      Ice/Summ       ##......     43%         4    ####...
x - Throw Frost           Conj/Ice       ###...       3%          2    ##.....

Your spell library contained the following spells:

 Spells                   Type           Power        Failure   Level  Hunger
 Ozocubu's Armour         Chrm/Ice       ##......     14%         3    ###....


Dungeon Overview and Level Annotations

Branches:
Dungeon (5/15)             Temple (1/1) D:4

Altars:
Ashenzari
Cheibriados
Dithmenos
Elyvilon
Fedhas
Gozag
Hepliaklqana
Kikubaaqudgha
Nemelex Xobeh
Okawaru
Ru
Trog
Uskayaw
Vehumet
Xom
Yredelemnul
Zin
The Shining One
Jiyva


Message History

You freeze the river rat.
You kill the river rat!
You see here a river rat corpse.
A river rat, 3 quokkas and a centaur come into view.
There are monsters nearby!
There are monsters nearby!
Aim: a quokka (hasn't noticed you)
The puff of frost misses the quokka.
The puff of frost hits the river rat.
A sky beast comes into view.
The quokka twitches its whiskers.
Aim: a quokka The puff of frost hits the quokka.
You kill the quokka!
Aim: a quokka The puff of frost misses the quokka. x2; The puff of frost hits the river rat.
A rat comes into view.
Aim: a quokka The puff of frost hits the quokka.
You kill the quokka!
Aim: a quokka You freeze the quokka.
The quokka closely misses you.
Aim: a quokka (moderately wounded)
You freeze the quokka.
You kill the quokka!
The centaur wields a shortbow.
The centaur shoots an arrow.
The arrow hits you.
* * * LOW HITPOINT WARNING * * *
The centaur shoots an arrow.
The arrow hits you!
* * * LOW HITPOINT WARNING * * *
The centaur shoots an arrow.
The arrow hits you!
* * * LOW HITPOINT WARNING * * *
You see here an arrow.
Okay, then.
Okay, then.
It was a potion of haste.
You feel yourself speed up.
The centaur shoots an arrow.
The arrow hits you but does no damage.
It was a potion of degeneration.
There was something very wrong with that liquid.
You feel weakened.
You feel dopey.
You feel clumsy.
The centaur shoots an arrow.
The arrow closely misses you.
It was a potion of flight.
You feel very buoyant.
You fly up into the air.
It was a potion of might.
You feel very mighty all of a sudden.
The centaur shoots an arrow.
The arrow barely misses you.
It was a potion of agility.
You feel agile all of a sudden.
The centaur shoots an arrow.
The arrow hits you.
You die...
Your body disappears without a glow.

##..#†.##.##.###.#...##..
######...†..##.#.##.##.#
##...###..#.###.##.#
#.#...####### #.##.#
##.###..# #.##.# #.## .#
#.##.# ##.# # #.##.#
#.#### #.##.# ##c.@#
#.##.# #Y###.# #.##.# r.#
## #.##.# ...Y #.#...
#... #.#... #... #.....
#.. ###... ##. ####


You could see a sky beast and a centaur.

Vanquished Creatures
  A black bear (D:5)
  A howler monkey (D:5)
  A centaur zombie (D:5)
  2 hounds
  4 orc priests
  The ghost of TheNamelessOne the Magician, a weakling SpEE (D:3)
  Jessica (D:2)
  3 orc wizards (D:3)
  A hound skeleton (D:4)
  A worker ant zombie (D:5)
  7 adders
  3 gnolls (D:3)
  6 river rats (D:5)
  A shadow imp (D:5)
  7 oozes
  5 worms
  5 dart slugs
  2 leopard geckos
  16 orcs
  3 ball pythons
  7 giant cockroaches
  6 hobgoblins
  15 jackals
  8 kobolds
  10 quokkas
  A ball python skeleton (D:5)
  11 bats
  6 frilled lizards
  7 goblins
  A quokka skeleton (D:5)
  19 rats
162 creatures vanquished.

Vanquished Creatures (collateral kills)
  Menkaure (D:4)
  An ice beast (D:4)
  4 adders
  2 giant cockroaches (D:4)
  A frilled lizard (Sewer)
9 creatures vanquished.

Vanquished Creatures (others)
  A quokka (D:4)
1 creature vanquished.

Grand Total: 172 creatures vanquished

Notes
Turn   | Place    | Note
-------+----------+-------------------------------------------
     0 | D:1      | MalarOregon the Merfolk Ice Elementalist began the quest
                  | for the Orb.
     0 | D:1      | Reached XP level 1. HP: 13/13 MP: 3/3
    89 | D:1      | Reached XP level 2. HP: 20/20 MP: 0/5
   207 | D:1      | Reached skill level 1 in Fighting
   350 | D:1      | Reached XP level 3. HP: 10/26 MP: 0/6
   413 | D:1      | Learned a level 2 spell: Throw Frost
  1072 | D:1      | Reached skill level 1 in Conjurations
  1238 | D:2      | Noticed Jessica
  1311 | D:2      | Killed Jessica
  1311 | D:2      | Reached XP level 4. HP: 25/32 MP: 3/8
  1757 | D:2      | Learned a level 4 spell: Throw Icicle
  1995 | D:2      | Reached XP level 5. HP: 36/37 MP: 5/9
  2089 | D:2      | Found a sacrificial altar of Ru.
  2195 | D:2      | Found a hazy altar of Hepliaklqana.
  2775 | D:3      | Found a runed door.
  2780 | D:3      | Noticed TheNamelessOne's ghost (weakling SpEE)
  2816 | D:3      | Killed TheNamelessOne's ghost
  2979 | D:3      | Reached XP level 6. HP: 30/43 MP: 0/11
  3029 | D:3      | Reached skill level 5 in Ice Magic
  3492 | D:3      | Found a hide-covered altar of Uskayaw.
  3767 | D:4      | Found a sparkling altar of Nemelex Xobeh.
  3784 | D:4      | Became a worshipper of Nemelex Xobeh the Trickster
  4012 | D:4      | Reached skill level 1 in Polearms
  4030 | D:4      | Received a gift from Nemelex Xobeh
  4077 | D:4      | Noticed an ice beast
  4092 | D:4      | Found a white marble altar of Elyvilon.
  4118 | D:4      | Found a basalt altar of Yredelemnul.
  4229 | D:4      | HP: 1/43 [ice beast (7)]
  4277 | D:4      | Found a glowing drain.
  4329 | D:4      | Reached XP level 7. HP: 11/48 MP: 13/13
  4341 | D:4      | Reached skill level 1 in Invocations
  4362 | Sewer    | Entered a sewer
  4986 | Sewer    | Reached * piety under Nemelex Xobeh
  5037 | D:4      | Learned a level 4 spell: Summon Ice Beast
  5176 | D:4      | Found a staircase to the Ecumenical Temple.
  5265 | D:4      | Found a glowing silver altar of Zin.
  5409 | Temple   | Entered the Ecumenical Temple
  5552 | D:5      | Entered Level 5 of the Dungeon
  5979 | D:5      | Noticed Menkaure
  6213 | D:4      | Killed Menkaure
  6288 | D:4      | Reached XP level 8. HP: 30/55 MP: 7/15
  6763 | D:5      | Found a snail-covered altar of Cheibriados.
  6876 | D:5      | Received a gift from Nemelex Xobeh
  7110 | D:5      | Reached skill level 5 in Spellcasting
  7203 | D:5      | HP: 1/56 [centaur/arrow (8)]
  7208 | D:5      | Shot with an arrow by a centaur

Skill      XL: |  1  2  3  4  5  6  7  8 |
---------------+-------------------------+-----
Dodging        | 3 |  3.0
Fighting       | 1 2 |  2.1
Conjurations   | 1 2 3 |  3.7
Ice Magic      | 4 5 |  5.8
Spellcasting   | 3 4 5 |  5.0
Polearms       | 1 2 |  2.9
Invocations    | 1 2 |  2.1
Stealth        | 3 |  3.0
Shields        | |  0.3

Action                   |  1- 3 |  4- 6 |  7- 9 || total
-------------------------+-------+-------+-------++-------
Melee: Unarmed           |    14 |    16 |       ||    30
       Dagger            |       |    40 |    68 ||   108
       Spear             |       |    27 |       ||    27
       Trident           |       |       |    90 ||    90
       Tailslap          |       |       |     3 ||     3
 Cast: Freeze            |    34 |    63 |    51 ||   148
       Throw Frost       |    15 |    50 |    44 ||   109
       Throw Icicle      |       |     2 |     1 ||     3
Evoke: Deck              |       |     3 |     7 ||    10
  Use: Scroll            |       |     4 |     6 ||    10
       Potion            |       |       |     5 ||     5
 Stab: Sleeping          |       |     2 |     2 ||     4
       Distracted        |       |       |     3 ||     3
  Eat: Chunk             |     3 |    12 |    11 ||    26
Armor: Robe              |     3 |    12 |    28 ||    43
Dodge: Dodged            |    35 |    79 |   120 ||   234
